Description

This is parting's fast gateway expand opening vs TY

Replay - PartinG v TYTY: Game 2 - Pillars of Gold LE

Build Order

Get SALT Encoding   

  12  0:00  Probe  
  13  0:12  Probe  
  14  0:17  Pylon  
  14  0:24  Probe  
  15  0:36  Probe  
  15  0:38  Gateway  
  16  0:48  Probe  
  18  1:08  Nexus  
  17  1:14  Assimilator  
  17  1:16  Probe  
  18  1:27  Cybernetics Core  
  18  1:30  Probe  
  19  1:39  Pylon  
  19  1:42  Probe  
  20  1:54  Probe  
  20  1:55  Warp Gate (Chrono Boost)  
  20  1:57  Gateway  
  21  2:03  Adept (Chrono Boost)  
  23  2:10  Probe  
  26  2:29  Gateway  
  26  2:33  Stalker  
  30  2:48  Adept (Chrono Boost)  
  34  3:00  Pylon  
  37  3:22  Adept x3  
  47  3:42  Assimilator x2  
  47  3:45  Twilight Council  
  47  3:55  Pylon x2  
  49  4:04  Assimilator  
  52  4:17  Robotics Facility  
  50  4:48  Stalker x2  
  53  4:56  Stalker  
Spawning Tool Build Advisor. Get it on Overwolf

Go to:

Details

  • Created by: axiak
  • Published on: Mar 01, 2021
  • Modified on: Mar 01, 2021
  • Patch: 4.11.0
  • Difficulty: Medium
Show
View Real Time Build Order
Export as new Build Order

Comments (0)

There are no comments. Be the first!

Create an account to comment!